[Event "German Bundesliga 2021-22"]
[Site "Germany"]
[Date "2022.04.30"]
[Round "5.4"]
[White "Berelowitsch, Alexander"]
[Black "Hracek, Zbynek"]
[Result "1/2-1/2"]
[ECO "B92"]
[WhiteElo "2504"]
[BlackElo "2565"]
[Annotator "TA"]
[PlyCount "60"]
[EventDate "2022.03.05"]
[EventType "team-tourn"]
[EventCountry "GER"]
[SourceTitle "playchess.com"]
[Source "ChessBase"]
[SourceQuality "1"]
[TimeControl "40/5400+30:1800+30"]

1. e4 c5 2. Nf3 d6 3. d4 cxd4 4. Nxd4 Nf6 5. Nc3 a6 6. Be2 e5 7. Nb3 Be6 8. O-O Be7 {[%emt 0:00:00] The position is equal.} 9. Bf3 {[%emt 0:00:00] B92: Sicilian Najdorf: 6 Be2.} Nbd7 10. Re1 O-O 11. a4 Qb8 12. a5 Rc8 13. Be3 Bd8 14. Qd2 b5 15. axb6 Bxb6 {[%emt 0:00:48] [#]} 16. Ra3 $146 ({Predecessor:} 16. Bxb6 Nxb6 17. Na5 Rc5 18. Nd1 d5 19. b4 Rc8 20. exd5 Bxd5 21. Bxd5 Nbxd5 22. Rb1 {1-0 (38) Zawadzka,J (2391)-Sadzikowski,D (2448) Lublin 2013}) 16... a5 17. Bxb6 Nxb6 18. Rxa5 ({Don't blunder} 18. Nxa5 $2 {[#]} Rxa5 $1 19. Rxa5 Nc4 $19) 18... Nc4 19. Rxa8 Qxa8 20. Qc1 Qc6 21. Na2 Qb6 22. Nc3 Qb4 23. Na2 $1 Qb6 24. Nc3 g6 25. h3 Kg7 26. Rd1 Qb4 27. Na2 Qa4 28. Nc3 Qb4 29. Na2 Qa4 30. Nc3 Qb4 {An interesting draw.  Weighted Error Value: White=0.02 (flawless) /Black=0.01 (flawless)} 1/2-1/2

[Event "German Bundesliga 2021-22"]
[Site "Germany"]
[Date "2022.04.30"]
[Round "5.4"]
[White "Lokander, Martin"]
[Black "Arnaudov, G. Petar"]
[Result "1-0"]
[ECO "E21"]
[WhiteElo "2473"]
[BlackElo "2469"]
[Annotator "TA"]
[PlyCount "135"]
[EventDate "2022.03.05"]
[EventType "team-tourn"]
[EventCountry "GER"]
[SourceTitle "playchess.com"]
[Source "ChessBase"]
[SourceQuality "1"]
[TimeControl "40/5400+30:1800+30"]

1. d4 Nf6 2. c4 e6 3. Nf3 Bb4+ 4. Nc3 b6 5. Bd2 Bb7 6. e3 O-O 7. Bd3 d6 8. O-O Nbd7 9. a3 Bxc3 10. Bxc3 Ne4 11. Be1 {[%emt 0:03:10] E21: Nimzo-Indian: 4 Nf3.} f5 12. Nd2 Qg5 {[%emt 0:02:34] aiming for ...Nxd2.} 13. f4 {[%emt 0:03:05] White is slightly better.} Qg6 {[%emt 0:01:26][%cal Oe4c3] White must now prevent ...Nc3!} 14. Nxe4 Bxe4 15. Bxe4 fxe4 16. Qa4 Nf6 17. Qc6 {[%emt 0:04:06] [#]} Qf7 $146 ({Predecessor:} 17... Rac8 18. Bh4 Ng4 19. Rae1 Qh5 20. Bg3 Nf6 21. h3 Qe8 22. Qxe8 Rcxe8 23. Bh4 Nd7 {0-1 (62) Petkov,M (2315)-Amin,B (2686) Chess.com INT 2020}) 18. b4 d5 19. Bh4 {[%emt 0:03:34] Bxf6 is the strong threat.} Ng4 {[%emt 0:04:02] White now steadily converts the win.} (19... Qe8 $1 $14 20. Qxe8 (20. Qxc7 Ng4 $11) 20... Nxe8) 20. Rae1 $16 Nh6 21. cxd5 exd5 22. f5 $1 {[%emt 0:05:36] White is more active.} Rae8 (22... Nxf5 $2 23. g4 Qg6 24. Qxg6 (24. Qxd5+ Kh8 $17) 24... hxg6 25. gxf5 $18) 23. Bg5 (23. f6 $6 Re6 24. Qb7 (24. Qxd5 Rxf6 25. Qxf7+ R6xf7 $11) 24... g6 $16) ({White should play} 23. Rf4 $18) 23... Nxf5 (23... Ng4 $16 {was necessary.}) 24. g4 $18 Re6 $2 (24... Nxd4 {was worth a try.} 25. exd4 Qe6 26. Rxf8+ (26. Qxc7 Qxg4+ 27. Qg3 Qxg3+ 28. hxg3 Rc8 $16) 26... Kxf8 27. Rf1+ (27. Qxc7 Qxg4+ 28. Qg3 Qxg3+ 29. hxg3 Kf7 $16) 27... Kg8 28. Qxe6+ (28. Qxc7 h6 $18) 28... Rxe6) 25. Qxd5 {[%emt 0:00:55][%mdl 64] Pin} Ne7 26. Qd7 (26. Rxf7 Nxd5 27. Rxf8+ Kxf8 $15) 26... Rf6 27. Bxf6 gxf6 28. Qxc7 Qe6 29. Qf4 Rf7 30. Kh1 Kg7 31. Rc1 Nd5 32. Qf5 Qxf5 33. Rxf5 ({Don't take} 33. gxf5 Nxe3 34. Rf4 Rd7 35. Rg1+ (35. Rxe4 Nxf5 36. Kg2 h6 $18) 35... Kf7 $18) 33... Rd7 {[%emt 0:00:20] [#]} 34. Rxd5 Rxd5 {[%emt 0:00:11][%mdl 4096] Endgame KR-KR} 35. Rc7+ Kg6 36. Rxa7 h5 37. Re7 hxg4 38. Rxe4 Kg5 39. Re6 Rd8 40. Rc6 Ra8 41. Rc3 (41. Rxb6 Rxa3 42. Rb5+ Kg6 $14) 41... Kf5 42. Kg2 Ke4 {[%emt 0:00:51] [#]} 43. Rc6 $1 Kxe3 (43... Kf5 {might work better.}) 44. Rxf6 b5 45. Kg3 Kxd4 (45... Rxa3 $142 46. d5 (46. Kxg4 Ra4 $16) 46... Rd3) 46. Kxg4 Rxa3 $2 (46... Rg8+ 47. Kf3 Ra8) 47. h4 {[%emt 0:00:10] Threatens to win with h5.} Kc3 {[%emt 0:02:53] [#]} 48. Rf4 $1 ({Inferior is} 48. h5 Kxb4 49. h6 Ra7 $11) 48... Ra8 49. h5 Rg8+ 50. Kf5 Rf8+ 51. Ke5 Rh8 52. Rh4 Rh6 53. Kf5 Kb3 54. Kg5 Rh8 55. h6 Ka4 56. Kg6 Rg8+ 57. Kf7 Ra8 58. h7 Kb3 59. Kg7 Ra7+ 60. Kg6 Ra8 61. Kg7 Ra7+ 62. Kf6 {[%emt 0:00:00] White mates.} Ra8 63. h8=Q Rxh8 64. Rxh8 Kxb4 65. Ke5 Kc3 66. Rc8+ Kd3 67. Rb8 Kc4 68. Ke4 {[%emt 0:00:00] Weighted Error Value: White=0.13 (very precise) /Black=0.39} 1-0

[Event "German Bundesliga 2021-22"]
[Site "Germany"]
[Date "2022.04.30"]
[Round "5.5"]
[White "Pruijssers, Roeland"]
[Black "Sorensen, Hampus"]
[Result "1-0"]
[ECO "B24"]
[WhiteElo "2565"]
[BlackElo "2367"]
[Annotator "TA"]
[PlyCount "79"]
[EventDate "2022.03.05"]
[EventType "team-tourn"]
[EventCountry "GER"]
[SourceTitle "playchess.com"]
[Source "ChessBase"]
[SourceQuality "1"]
[TimeControl "40/5400+30:1800+30"]

1. e4 c5 2. Nc3 Nc6 3. g3 g6 4. Bg2 Bg7 5. d3 e6 6. Be3 d6 7. Qd2 Rb8 8. Nge2 b5 9. a3 Nd4 10. O-O Ne7 11. Bh6 O-O 12. Nxd4 {[%emt 0:05:23] B26: Closed Sicilian: 3 g3, lines with early Be3.} cxd4 13. Ne2 e5 {[%emt 0:00:31] [#]} 14. c3 $146 {[%emt 0:11:05] The position is equal.} ({Predecessor:} 14. Rac1 a5 15. c3 dxc3 16. Rxc3 b4 17. Rc2 bxa3 18. bxa3 Ba6 {½-½ (18) Beyer Lecaros,A (2256)-Corti,H Argentina 2000}) 14... dxc3 (14... Bxh6 {seems wilder.} 15. Qxh6 dxc3 16. bxc3 Be6) 15. Nxc3 Be6 16. Be3 Qd7 17. d4 exd4 18. Bxd4 Bxd4 19. Qxd4 Rfd8 20. f4 Nc6 21. Qd2 b4 (21... a5 $11 {keeps the balance.}) 22. axb4 $16 Nxb4 23. f5 Bc4 24. Qh6 (24. Rf2 $14) 24... Qe7 (24... Bxf1 $2 {leads to mate.} 25. f6 Bxg2 26. Qg7#) 25. Rf4 {[%emt 0:00:21] Threatens to win with Rh4.} Qf8 $1 26. Qxf8+ Rxf8 27. e5 d5 28. Rxa7 Nc6 29. Rc7 Nxe5 30. Nxd5 Bxd5 31. Bxd5 {[%emt 0:00:02] Strongly threatening fxg6.} Rfd8 32. Bb7 $36 {[%emt 0:00:25][%mdl 2048] White is more active.} g5 33. Rf2 Rd1+ 34. Kg2 Nd3 (34... Rd6 $11) 35. Re2 $14 Rb1 $2 (35... Kg7 $16 {was necessary.}) 36. Be4 (36. Ba6 $18 Rc1 37. Bc4) 36... Rd1 $16 {[%emt 0:00:14] [#]} 37. Bb7 $2 (37. f6 $1 $16) 37... Rb1 $1 $18 38. Be4 (38. Ba6 $18 {and White stays clearly on top.} Rc1 39. Bc4) 38... Rd1 $16 {[%emt 0:00:02] [#]} 39. f6 $1 Nxb2 $2 (39... Nb4 $16 40. Bf3 Nd5) 40. Rb7 {[%emt 0:00:23] Weighted Error Value: White=0.27 (precise) /Black=0.44} 1-0

[Event "German Bundesliga 2021-22"]
[Site "Germany"]
[Date "2022.04.30"]
[Round "5.5"]
[White "Teclaf, Pawel"]
[Black "L'Ami, Erwin"]
[Result "1/2-1/2"]
[ECO "B38"]
[WhiteElo "2542"]
[BlackElo "2622"]
[Annotator "TA"]
[PlyCount "19"]
[EventDate "2022.03.05"]
[EventType "team-tourn"]
[EventCountry "GER"]
[SourceTitle "playchess.com"]
[Source "ChessBase"]
[SourceQuality "1"]
[TimeControl "40/5400+30:1800+30"]

1. e4 c5 2. Nf3 Nc6 3. d4 cxd4 4. Nxd4 g6 5. c4 Bg7 6. Be3 Qb6 {[%emt 0:00:00] [#]} 7. Nb3 $146 ({Predecessor:} 7. Nb5 Qa5+ 8. N1c3 Nf6 9. f3 O-O 10. Qd2 a6 11. Nd4 d6 12. Be2 Nxd4 13. Bxd4 Be6 14. O-O Rfc8 15. b3 b5 16. cxb5 axb5 {0-1 (24) Kamsky,G (2661)-Abdusattorov,N (2661) Chess.com INT 2022}) 7... Qd8 8. Nd4 Qb6 9. Nb3 Qd8 10. Nd4 (10. Qd2 $14 {deserves consideration.}) 1/2-1/2

[Event "German Bundesliga 2021-22"]
[Site "Germany"]
[Date "2022.04.30"]
[Round "5.5"]
[White "Braeuer, Franz"]
[Black "Ribli, Zoltan"]
[Result "1/2-1/2"]
[ECO "B47"]
[WhiteElo "2428"]
[BlackElo "2529"]
[Annotator "TA"]
[PlyCount "142"]
[EventDate "2022.03.05"]
[EventType "team-tourn"]
[EventCountry "GER"]
[SourceTitle "playchess.com"]
[Source "ChessBase"]
[SourceQuality "1"]
[TimeControl "40/5400+30:1800+30"]

1. e4 c5 2. Nf3 e6 3. d4 cxd4 4. Nxd4 Nc6 5. Nc3 Qc7 6. g3 a6 7. Bg2 Nf6 8. O-O h5 {[%emt 0:00:00] 8...Nxd4 is becoming the main line. B47: Sicilian: Taimanov: 5 Nc3 Qc7 6 f4, 6 g3 and 6 Be2.} 9. Re1 Nxd4 10. Qxd4 Bc5 11. Bf4 {[%emt 0:08:26] And now Qxf6 would win.} d6 $1 (11... Qb6 12. Qd2 $16) 12. Qd2 {[%emt 0:01:42] e5 is the strong threat.} Ng4 {[%emt 0:01:22] Against e5} 13. Re2 Ne5 (13... e5 $5 14. Nd5 Qd8 $11) 14. Na4 Ba7 15. b3 Bd7 16. Nb2 $1 {[%emt 0:01:05] [#]} Rd8 $146 ({Predecessor:} 16... O-O-O 17. Rd1 {½-½ (17) Tiviakov,S (2591)-Alekseev,E (2633) Nakhchivan 2016}) 17. Be3 Bxe3 18. Qxe3 O-O 19. Rd2 Ng4 20. Qd4 Bc6 21. Rad1 d5 {[%emt 0:01:13] Prevents Nc4.} 22. h3 Nh6 (22... Nf6 $1 $11) 23. exd5 $14 Bxd5 24. Qh4 Nf5 25. Qg5 (25. Qxh5 Bxg2 26. Rxd8 (26. Kxg2 $2 Rxd2 27. Rxd2 Qe5 $19) 26... Rxd8 $11) 25... Ne7 26. Qxh5 ({Reject} 26. Bxd5 Rxd5 27. Rxd5 Nxd5 $11) 26... Bxg2 27. Kxg2 Rxd2 28. Rxd2 Qc3 29. Nc4 Nd5 {[%emt 0:04:06] [#]} 30. Qe5 $1 {[%emt 0:01:52] Threatens to win with Rxd5.} Qb4 31. Rd4 Rd8 32. Rg4 Qf8 33. Nd2 $36 {[%emt 0:02:39][%mdl 2048] Keeping Black busy. White is more active.} Nf6 34. Qxf6 Rxd2 $16 {[%emt 0:00:06][%mdl 4096] Endgame KQR-KQR} 35. Qc3 Rd5 36. Rc4 Qd6 (36... Qe8 $16 37. h4 Rd8) 37. Rc8+ $18 ({But not} 37. Rg4 $6 Qf8 38. Rc4 Qe8 $16) 37... Kh7 38. Qc7 Qd7 39. Qxd7 Rxd7 {[%emt 0:00:17] KR-KR} 40. Kf3 Kg6 41. Ke3 e5 42. c4 f6 43. c5 Kh6 44. c6 bxc6 45. Rxc6 a5 46. Rc5 {[%emt 0:00:00] Prevents Rd5.} Ra7 47. a4 Kg6 48. Kd3 Ra8 (48... Kf5 $142 49. Rb5 Ke6) 49. Ke4 Ra7 50. Rb5 Ra8 51. f4 exf4 52. Kxf4 Ra7 53. h4 Ra8 (53... Kf7 {is a better defense.} 54. Kf5 g6+ 55. Kf4 Kg7) 54. Ke4 Ra7 (54... Kh6 $142 55. g4 g6) 55. Kd4 Ra8 56. Kc4 Kh6 57. b4 axb4 58. Kxb4 Re8 59. Rc5 Rb8+ 60. Kc3 Rb1 61. a5 Rg1 62. a6 $2 (62. Kb4 $18 {Black must now prevent a6.} Rxg3 63. a6) 62... Ra1 $11 63. Rc6 $2 (63. Kd4 $11) 63... Kh5 $4 (63... Rc1+ {avoids the disaster.} 64. Kb4 Rxc6 65. Kb5 {[#]} Rxa6 $3 66. Kxa6 Kh5 67. Kb5 Kg4 68. Kc4 Kxg3 69. Kd4 Kxh4 70. Ke3 Kg4 71. Ke2 f5 72. Kf2 f4 73. Kg1 f3 74. Kf1 Kf4 75. Kf2 g5 76. Kf1 g4 77. Kf2 g3+ 78. Kg1 Ke3 79. Kh1 g2+ 80. Kg1 Ke2 81. Kh2 Kf2 82. Kh3 g1=Q 83. Kh4 Qg6 84. Kh3 Qh5#) 64. Kb2 Ra5 65. Kb3 {[%emt 0:00:01] Hoping for Kb4.} Kg4 66. Rc4+ $2 (66. Kb4 $18 Ra1 67. Kb5 Rb1+ 68. Ka5 Ra1+ 69. Kb6) 66... Kxg3 {[%emt 0:00:00] The position is equal.} 67. Ra4 Rb5+ 68. Rb4 (68. Kc2 $5 Rb8 69. h5 $18 (69. a7 Ra8 $18)) 68... Ra5 69. Ra4 Rb5+ 70. Rb4 Ra5 71. Ra4 Rb5+ {[%emt 0:00:00] Never resign too early!  Weighted Error Value: White=0.11 (very precise) /Black=0.27 (precise)} 1/2-1/2

[Event "German Bundesliga 2021-22"]
[Site "Germany"]
[Date "2022.04.30"]
[Round "5.6"]
[White "Warmerdam, Max"]
[Black "Parvanyan, Ashot"]
[Result "1-0"]
[ECO "E97"]
[WhiteElo "2607"]
[BlackElo "2462"]
[Annotator "TA"]
[PlyCount "71"]
[EventDate "2022.03.05"]
[EventType "team-tourn"]
[EventCountry "GER"]
[SourceTitle "playchess.com"]
[Source "ChessBase"]
[SourceQuality "1"]
[TimeControl "40/5400+30:1800+30"]

1. c4 Nf6 2. Nc3 g6 3. e4 d6 4. d4 Bg7 5. Nf3 O-O 6. Be2 e5 7. O-O Nc6 8. d5 Ne7 9. b4 a5 10. bxa5 $1 {[%emt 0:00:00][%mdl 4] outshines the older 10.Ba3.} Nh5 11. Re1 f5 12. a4 {[%emt 0:04:57][%cal Oc4c5] E97: King's Indian: Classical Main Line (6...e5 7 0-0 Nc6): 8 Be3 and 8 d5 Ne7, not 9 Ne1.} Nf4 13. Bf1 h6 (13... Rxa5 $14 14. Qb3 fxe4 15. Nxe4 Bg4) 14. Ra3 (14. Bxf4 $16 exf4 15. e5) 14... g5 (14... Rxa5 $14 15. exf5 Nxf5) 15. Nd2 Rxa5 {[%emt 0:03:32] [#]} 16. Bb2 $146 (16. g3 $16) ({Predecessor:} 16. g3 Nfg6 17. exf5 Bxf5 18. Nce4 b6 19. Nb3 Ra7 20. a5 Qa8 21. Nc3 Bd7 22. Ne4 {0-1 (48) Mahjoob,M (2519)-Moghaddamian A,A (2202) Tabriz 2011}) 16... b6 17. Nb5 Ra8 18. Qa1 Bd7 19. g3 Nfg6 (19... Nh5 $1 $14) 20. a5 $16 bxa5 21. Rxa5 Rb8 22. c5 dxc5 23. Nc3 {[%emt 0:01:22] 0x0.001ae9bbc497dp-1022s more active pieces.} f4 24. Ba3 (24. Rxc5 Nc8 $11) 24... Nc8 25. Bxc5 Nd6 26. Ra7 Rf7 27. Rb1 Rxb1 28. Ncxb1 {[%emt 0:00:09] [#] Bxd6 is the strong threat.} ({Resist} 28. Qxb1 Bf8 $16) 28... Bf8 29. Qa5 {[%emt 0:02:05] Strongly threatening Bxd6.} (29. Ra8 $5 Qf6 30. Qa7 $16) 29... Bc8 30. Qb4 {[%emt 0:02:26] Against Nb7} Qf6 {[%emt 0:10:05] [#]} (30... h5 $11 {remains equal.}) 31. Qb8 $1 $36 {[%emt 0:00:46][%mdl 2048] White is on the roll.} Ne8 (31... fxg3 $16 32. hxg3 Ne8) 32. Qxc8 $18 Bxc5 33. Qxe8+ Nf8 $2 (33... Rf8 $16 34. Ra6 Bxf2+ 35. Kg2 Bb6 36. Qe6+ Qxe6 37. dxe6 fxg3 38. hxg3 (38. Kxg3 Bf2+ 39. Kg2 Bb6 $18) 38... Kg7) 34. Ra6 Bxf2+ 35. Kh1 Bb6 36. Qc6 {[%emt 0:00:13] Weighted Error Value: White=0.15 (very precise) /Black=0.37} 1-0

[Event "German Bundesliga 2021-22"]
[Site "Germany"]
[Date "2022.04.30"]
[Round "5.6"]
[White "Stark, Lars"]
[Black "Grigorian, Spartak"]
[Result "1/2-1/2"]
[ECO "A34"]
[WhiteElo "2386"]
[BlackElo "2477"]
[Annotator "TA"]
[PlyCount "49"]
[EventDate "2022.03.05"]
[EventType "team-tourn"]
[EventCountry "GER"]
[SourceTitle "playchess.com"]
[Source "ChessBase"]
[SourceQuality "1"]
[TimeControl "40/5400+30:1800+30"]

1. c4 {[%emt 0:00:00] Marin,M} Nf6 2. g3 c5 3. Bg2 d5 4. cxd5 Nxd5 5. Nc3 Nc7 6. Nf3 Nc6 7. O-O e5 8. a3 Rb8 {[%emt 0:00:00] A34: Symmetrical English: 2 Nc3, lines with ...d5.} 9. Rb1 Be7 10. d3 b5 {[%emt 0:09:01] The position is equal.} 11. Be3 O-O 12. b4 (12. Rc1 $14) 12... cxb4 $11 13. axb4 Bb7 14. Qd2 {[%emt 0:08:14] [#]} f5 $146 {[%emt 0:14:59] [#]} (14... Re8 $15) ({Predecessor:} 14... Re8 15. Ne4 Na6 16. Rfc1 Ba8 17. Nc5 Nxc5 18. Bxc5 e4 19. dxe4 Bxc5 20. Rxc5 Rxe4 {½-½ (38) Svidler,P (2753)-Karjakin,S (2771) Stavanger 2014 CBM 161 [Marin,M]}) 15. Bxa7 $1 $14 Nxa7 16. Qa2+ Kh8 $1 {[%emt 0:00:48] And now ...Nc6 would win.} 17. Qxa7 Bf6 18. Rfd1 Qe8 19. Rbc1 ({Better is} 19. e4 $16) 19... Na6 20. e4 Nxb4 21. exf5 Qh5 22. Ne4 Ba8 23. Qa3 {[%emt 0:23:52] 0x0.001b80352ddadp-1022s more active pieces.} (23. Qc5 $16 Nd5 24. Nxf6 gxf6 25. Nxe5 $1) 23... Nd5 $11 24. d4 ({But not} 24. Nxf6 gxf6 25. Qc5 {[#]} Nf4 $1 26. gxf4 Bxf3 27. Bxf3 Qxf3 28. fxe5 Rg8+ 29. Kf1 Rg2 $17) 24... exd4 (24... b4 $11 {remains equal.} 25. Qd3 Qxf5) 25. Nxf6 {[%emt 0:00:37] Weighted Error Value: White=0.16 (very precise) /Black=0.28 (precise)} 1/2-1/2

[Event "German Bundesliga 2021-22"]
[Site "Germany"]
[Date "2022.04.30"]
[Round "5.6"]
[White "Schneider, Stefan"]
[Black "Schmittdiel, Eckhard"]
[Result "1/2-1/2"]
[ECO "E16"]
[WhiteElo "2366"]
[BlackElo "2402"]
[Annotator "TA"]
[PlyCount "55"]
[EventDate "2022.03.05"]
[EventType "team-tourn"]
[EventCountry "GER"]
[SourceTitle "playchess.com"]
[Source "ChessBase"]
[SourceQuality "1"]
[TimeControl "40/5400+30:1800+30"]

1. d4 Nf6 2. c4 e6 3. Nf3 b6 4. g3 Bb7 5. Bg2 Bb4+ 6. Bd2 Bxd2+ 7. Qxd2 d6 8. O-O O-O 9. Nc3 {[%emt 0:03:45] 9.Qf4 is more advanced technology.} Nbd7 10. d5 {[%emt 0:22:25] has lost popularity (10.Qc2). E16: Queen's Indian: 4 g3 Bb7 5 Bg2 Bb4+.} e5 11. Qc2 Qe7 12. e4 {[%emt 0:06:48] White is slightly better.} c6 {[%emt 0:01:04] [#]} 13. Nh4 $146 {[%emt 0:05:28] Threatens to win with dxc6.} ({Predecessor:} 13. dxc6 Bxc6 14. b4 Rac8 15. Qd3 Rfd8 16. Nd2 Nf8 17. Rfc1 Rc7 18. Nd5 Bxd5 19. cxd5 Rdc8 {½-½ (31) Lou,Y (2443)-Liu,Y (2413) Zaozhuang 2015}) 13... g6 14. dxc6 Bxc6 15. b4 Rac8 16. Qd3 Rfd8 17. Bh3 Rc7 18. Rfc1 Nf8 19. Nd5 Nxd5 20. cxd5 Be8 21. Qe3 Rb8 22. Rxc7 Qxc7 23. Rc1 Qd8 24. a3 a5 25. Qd2 axb4 {[%emt 0:00:37] The position is equal.} 26. axb4 Ra8 27. Ng2 Nd7 28. Ne3 {[%emt 0:01:00] Weighted Error Value: White=0.09 (flawless) /Black=0.08 (flawless)} 1/2-1/2

[Event "German Bundesliga 2021-22"]
[Site "Germany"]
[Date "2022.04.30"]
[Round "5.7"]
[White "Markgraf, Alexander"]
[Black "Heinz, Timothee"]
[Result "1-0"]
[ECO "C11"]
[WhiteElo "2482"]
[BlackElo "2374"]
[Annotator "TA"]
[PlyCount "101"]
[EventDate "2022.03.05"]
[EventType "team-tourn"]
[EventCountry "GER"]
[SourceTitle "playchess.com"]
[Source "ChessBase"]
[SourceQuality "1"]
[TimeControl "40/5400+30:1800+30"]

1. e4 e6 2. d4 d5 3. Nc3 Nf6 4. e5 Nfd7 5. f4 c5 6. Nf3 Nc6 7. Be3 cxd4 8. Nxd4 Bc5 9. Qd2 Bxd4 10. Bxd4 Nxd4 11. Qxd4 Qb6 12. Qxb6 Nxb6 13. O-O-O Bd7 {[%emt 0:00:00] C11: French: Classical System: 4 e5 and 4 Bg5 dxe4.} 14. Bd3 h5 15. h4 g6 {[%emt 0:01:35] The position is equal.} 16. Ne2 {[%emt 0:07:31] [#]} Nc8 $146 ({Predecessor:} 16... Ke7 17. Nd4 Rac8 {½-½ (17) Stupak,K (2503)-Lintchevski,D (2575) Krakow 2012}) 17. Nd4 Ne7 18. b3 a6 19. Kb2 Nc6 20. Nf3 Ke7 21. c3 Rhc8 22. Rd2 Rc7 23. a3 a5 24. Rc1 b6 (24... Na7 $11 {keeps the balance.}) 25. c4 $1 $16 dxc4 26. Rxc4 {[%emt 0:00:11] Nd4 is the strong threat.} Rcc8 (26... Rac8 $142) 27. Be4 Rab8 28. Ng5 Nd8 29. Rcd4 {[%emt 0:00:28] 0x0.001aea294d68dp-1022s more active pieces. The black rooks are badly placed.} Rc7 30. Nh7 {[%emt 0:04:00] aiming for Nf6.} Nb7 31. b4 {[%emt 0:02:57] Inhibits Nc5.} (31. Bxb7 $16 Rcxb7 32. Nf6) 31... axb4 $11 32. axb4 {[%emt 0:00:06][%cal Od4d6] Strongly threatening Rd6! Chess con chili.} Bb5 (32... Nc5 $1 $11) 33. Nf6 $16 {[%emt 0:00:34][%cal Od4d6] And now Rd6! would win.} Nd8 $2 (33... Rd8 $16) 34. Ng8+ $18 Ke8 35. Nf6+ Ke7 36. Bd3 Bc6 37. Bf1 (37. Rd6 $18) 37... Ra7 {[%emt 0:01:07] [#]} (37... b5 $16 {was necessary.}) 38. b5 $1 Bd5 {[%emt 0:00:28] [#]} 39. Bc4 $1 $36 {[%emt 0:01:05][%mdl 2048] White is in control.} ({Don't take} 39. Nxd5+ $6 exd5 40. Rxd5 Ne6 $14) 39... Bxc4 $2 (39... Ra5 {was worth a try.} 40. Kc3 (40. Nxd5+ exd5 41. Rxd5 Rc8 $16) 40... Ra3+ 41. Kb2 Ra5 42. Bxd5 (42. Nxd5+ exd5 43. Rxd5 Rc8 $16) 42... exd5) 40. Rxc4 Rba8 41. Kc2 Ra2+ 42. Kd1 Rxd2+ 43. Kxd2 {[%emt 0:00:05][%mdl 4096] Endgame KRN-KRN} Ra7 $2 (43... Kf8 44. Rc7 (44. Nd7+ Kg7 $18) 44... Ra2+ 45. Kc3 Kg7) 44. Rc8 Rb7 45. Kc3 Ra7 46. Kb4 Rb7 47. Rc2 Ra7 48. Rd2 Rc7 49. Rd6 Nb7 50. Rxb6 Nc5 51. Rb8 {[%emt 0:00:42] Weighted Error Value: White=0.13 (very precise) /Black=0.57} 1-0

[Event "German Bundesliga 2021-22"]
[Site "Germany"]
[Date "2022.04.30"]
[Round "5.7"]
[White "Jakubowski, Krzysztof"]
[Black "Doettling, Fabian"]
[Result "1/2-1/2"]
[ECO "B10"]
[WhiteElo "2475"]
[BlackElo "2587"]
[Annotator "TA"]
[PlyCount "40"]
[EventDate "2022.03.05"]
[EventType "team-tourn"]
[EventCountry "GER"]
[SourceTitle "playchess.com"]
[Source "ChessBase"]
[SourceQuality "1"]
[TimeControl "40/5400+30:1800+30"]

1. e4 c6 2. Nf3 d5 3. d3 dxe4 4. dxe4 Qxd1+ 5. Kxd1 Nf6 6. Nfd2 {[%emt 0:00:00] B10: Caro-Kann: 2 d3 and 2 c4.} g6 7. f3 Bh6 8. a4 {[%emt 0:18:30] White has an edge.} Be6 {[%emt 0:12:30] [#] The position is equal.} 9. Nb3 $146 ({Predecessor:} 9. c3 Nbd7 10. Kc2 Ne5 11. Na3 O-O-O 12. Ndc4 Bxc1 13. Rxc1 Nfd7 14. Rd1 g5 15. Be2 {0-1 (61) Pichot,A (2630)-Svane,R (2613) Chess.com INT 2020}) 9... Bxc1 10. Nxc1 Nbd7 11. Nd2 O-O-O 12. Nd3 {[%emt 0:00:30] Against Ne5} g5 13. Ke2 h6 14. Ke3 $1 Ne8 15. h4 {[%emt 0:05:30] And now hxg5 would win.} Nd6 16. b3 f5 17. g3 fxe4 18. fxe4 Nf7 19. hxg5 hxg5 20. Bg2 Nfe5 {[%emt 0:01:57] Weighted Error Value: White=0.02 (flawless) /Black=0.02 (flawless)} 1/2-1/2